 Dungeon Crawl Stone Soup version 0.17-a0-1262-gd250d98 (webtiles) character file.

345 HEYYEYAAE the Gusty (level 6, -7/43 HPs)
             Began as a Human Air Elementalist on June 6, 2015.
             Was an Initiate of Vehumet.
             Killed by divine providence
             ... invoked by an orc priest
              (15 damage)
             ... on level 4 of the Dungeon.
             The game lasted 00:06:22 (3260 turns).

HEYYEYAAE the Gusty (Human Air Elementalist)        Turns: 3260, Time: 00:06:22

Health: -7/43      AC:  8    Str:  8    XL:     6   Next: 90%
Magic:  0/11       EV: 13    Int: 17    God:    Vehumet [......]
Gold:   254        SH:  0    Dex: 14    Spells: 4 memorised, 4 levels left

rFire  + . .     SeeInvis .     e - +0 dagger
rCold  + . .     Clarity  .     a - +0 robe
rNeg   . . .     SustAt   .     (no shield)
rPois  +         Gourm    .     (no helmet)
rElec  +         Spirit   .     (no cloak)
rCorr  +         Warding  .     r - +0 pair of gloves
rMut   .         Stasis   .     (no boots)
MR     .....                    (no amulet)
Stlth  ++........               p - +5 ring of protection
                                g - ring of teleport control

@: resistant, very slightly contaminated, not resistant to hostile enchantments,
unstealthy
A: no striking features
a: Renounce Religion, Evoke Teleport Control


You were on level 4 of the Dungeon.
You worshipped Vehumet.
Vehumet was noncommittal.
You were full.

You visited 2 branches of the dungeon, and saw 5 of its levels.

You collected 254 gold pieces.

Inventory:

Hand weapons
 e - a +0 dagger (weapon)
Armour
 a - a +0 robe (worn)
 r - a +0 pair of gloves (worn)
Magical staves
 o - an uncursed staff of cold
Jewellery
 g - a ring of teleport control (left hand)
 p - a +5 ring of protection (right hand)
Scrolls
 i - 3 scrolls of identify
 j - 2 scrolls of remove curse
 m - 2 scrolls of fog
 q - a scroll of amnesia
Potions
 k - a potion of beneficial mutation
Books
 b - a book of Air

   Spells                             Type                      Level
   a - Shock                          Conjuration/Air              1
   b - Swiftness                      Charms/Air                   2
   c - Repel Missiles                 Charms/Air                   2
   d - Static Discharge               Conjuration/Air              3
   e - Lightning Bolt                 Conjuration/Air              5
Comestibles
 c - 2 bread rations
 d - 3 meat rations
 f - 13 fruits
 h - a slice of pizza


   Skills:
 + Level 1.4 Fighting
 + Level 1.8 Armour
 + Level 2.6 Dodging
 - Level 2.0 Stealth
 * Level 3.5 Spellcasting
 * Level 3.0 Conjurations
 * Level 4.4 Air Magic


You had 4 spell levels left.
You knew the following spells:

 Your Spells              Type           Power        Failure   Level  Hunger
a - Shock                 Conj/Air       ###.         3%          1    None
b - Static Discharge      Conj/Air       ###.....     12%         3    ###....
c - Repel Missiles        Chrm/Air       ##....       12%         2    ##.....
d - Swiftness             Chrm/Air       ##......     12%         2    ##.....


Dungeon Overview and Level Annotations

Branches:
Dungeon (4/15)             Temple (1/1) D:4

Altars:
Cheibriados
Elyvilon
Fedhas
Kikubaaqudgha
Nemelex Xobeh
Okawaru
Ru
Trog
Vehumet
Yredelemnul


Message History

The orc priest hits you but does no damage.
You closely miss the orc priest.
The orc priest is almost dead.
The orc priest barely misses you.
You barely miss the orc priest.
The orc priest is almost dead.
The orc priest invokes the aid of Beogh against you.
Pain shoots through your body!
* * * LOW HITPOINT WARNING * * *
Casting: Shock
Confirm with . or Enter, or press ? or * to list all spells.
Aiming: Shock
Press: ? - help, Shift-Dir - straight line, f/p - orc priest
Aim: an orc priest, wearing a leather armour (almost dead)
The zap misses the orc priest.
The orc priest barely misses you.
You hit the orc priest.
The orc priest is almost dead.
The orc priest calls down the wrath of Beogh upon you.
Something smites you!
You die...

....... #.........
#......)########...#.#.#.
.).......................
..)..........W.<...#....#
...................+....#
...................#....+
..........(..^.....#.##'#
#.....o##+###'#####.#...
#.....(@............'...
#......#(......( ...#...
##.[....##'###'#####'#...
#.......................#
'.........(.............#
#.......................'
#............#.#.#......#
#.......................#
.##'##+###+#.#.#.#.+#####


You could see an orc priest.

Vanquished Creatures
  2 ogres (D:4)
  An orc wizard (D:4)
  2 worker ants (D:3)
  4 adders
  A worm (D:3)
  9 orcs
  2 ball pythons
  3 giant cockroaches
  11 goblins
  10 hobgoblins
  A quokka (D:2)
  8 bats
  7 giant newts
  7 kobolds
  8 rats
76 creatures vanquished.

Notes
Turn   | Place    | Note
--------------------------------------------------------------
     0 | D:1      | HEYYEYAAE the Human Air Elementalist began the quest for the Orb.
     0 | D:1      | Reached XP level 1. HP: 13/13 MP: 3/3
   203 | D:1      | Reached XP level 2. HP: 8/19 MP: 3/5
   594 | D:1      | Reached XP level 3. HP: 22/24 MP: 2/6
   922 | D:2      | Reached XP level 4. HP: 31/31 MP: 3/7
   932 | D:2      | Learned a level 3 spell: Static Discharge
   935 | D:2      | Learned a level 2 spell: Repel Missiles
  1668 | D:3      | Reached skill level 1 in Armour
  1793 | D:3      | Reached XP level 5. HP: 22/36 MP: 0/9
  2238 | D:4      | Reached skill level 4 in Air Magic
  2316 | D:4      | Noticed a hungry ghost
  2335 | D:3      | Learned a level 2 spell: Swiftness
  2489 | D:4      | Found a sacrificial altar of Ru.
  2668 | D:4      | Noticed an ogre
  2677 | D:4      | Killed an ogre
  2677 | D:4      | Reached skill level 1 in Fighting
  2677 | D:4      | Reached XP level 6. HP: 37/43 MP: 1/10
  2780 | D:4      | Noticed an ogre
  2789 | D:4      | Killed an ogre
  2968 | D:4      | Found a staircase to the Ecumenical Temple.
  3008 | Temple   | Entered the Ecumenical Temple
  3127 | Temple   | Became a worshipper of Vehumet
  3260 | D:4      | Killed from afar by an orc priest

Vault maps used:
D:1:      eino_arrival_cavern_e, st_stairs_8
D:2:      lemuel_coloured_pillars_altar
D:3:      minmay_bisected
D:4:      lemuel_doored_altar, minmay_temple_entry_nine_rooms, serial_glass,
          glass_columns_b, glass_columns_b, item_on_display_a,
          minmay_strange_pillars, item_on_display_a, item_on_display_a,
          minmay_small_thing
Temple:   bh_familiar_temple

Action                   |  1- 3 |  4- 6 || total
-------------------------+-------+-------++-------
Melee: Unarmed           |     1 |       ||     1
       Dagger            |    23 |    78 ||   101
 Cast: Shock             |    50 |   106 ||   156
       Static Discharge  |       |     3 ||     3
  Use: Scroll            |       |     5 ||     5
       Potion            |       |     2 ||     2
 Stab: Sleeping          |     1 |       ||     1
  Eat: Chunk             |       |     3 ||     3
       Beef jerky        |       |     2 ||     2
       Pizza             |       |     2 ||     2
       Meat ration       |       |     1 ||     1
